 Dungeon Crawl Stone Soup version 0.27-a0-1200-g94dc6ad4cf (webtiles) character file.

Game seed: 6071670205087230417

268 freelancePsychic the Covert (level 6, 0/32 HPs)
             Began as a Vampire Enchanter on May 31, 2021.
             Was a Plaything of Xom.
             Slain by a centaur skeleton (1 damage)
             ... on level 4 of the Dungeon.
             The game lasted 00:09:16 (3772 turns).

freelancePsychic the Covert (Vampire Enchanter)     Turns: 3772, Time: 00:09:17

Health: 0/32       AC:  2    Str:  7      XL:     6   Next: 0%
Magic:  7/10       EV: 12    Int: 19 (20) God:    Xom [......]
Gold:   111        SH:  0    Dex: 14      Spells: 4/10 levels left

rFire    . . .     SeeInvis +   a - +1 dagger
rCold    + + .     Faith    .   (no shield)
rNeg     + + +     Spirit   .   b - +0 robe
rPois    ∞         Reflect  .   (no helmet)
rElec    .         Harm     .   (no cloak)
rCorr    .         Rampage  .   (no gloves)
Will     .....                  (no boots)
Stlth    ++++++....             (no amulet)
HPRegen  0.00/turn              (no ring)
MPRegen  0.12/turn              (no ring)

@: confusing by touch, bloodless
A: bloodless, fangs 3, see invisible, vampiric 2
a: Bat Form, Revivify, Renounce Religion


You were on level 4 of the Dungeon.
You worshipped Xom.
You were a very special plaything of Xom.
You visited 1 branch of the dungeon, and saw 4 of its levels.

You collected 111 gold pieces.

Inventory:

Hand Weapons
 a - a +1 dagger (weapon)
Armour
 b - a +0 robe (worn)
Wands
 p - a wand of mindburst (14)
Scrolls
 c - 2 scrolls of magic mapping {unknown}
 d - 2 scrolls of noise {unknown}
 e - 3 scrolls of amnesia {unknown}
 f - a scroll of enchant armour {unknown}
 g - 2 scrolls of acquirement {unknown}
 i - 2 scrolls of identify {unknown}
 j - a scroll of teleportation {unknown}
 k - a scroll of immolation {unknown}
Potions
 h - a potion of curing {unknown}
 l - a potion of might {unknown}
 m - a potion of invisibility {unknown}
 n - a potion of attraction {unknown}
 o - a potion of haste {unknown}


   Skills:
 - Level 1.1 Short Blades
 - Level 2.1 Dodging
 + Level 8.0 Stealth
 + Level 2.7 Spellcasting
 - Level 6.1 Hexes
 - Level 1.8 Ice Magic


You had 4 spell levels left.
You knew the following spells:

 Your Spells              Type           Power      Damage    Failure   Level
a - Corona                Hex            28%        N/A       1%          1
b - Ensorcelled Hibernat  Hex/Ice        34%        N/A       4%          2
c - Confusing Touch       Hex            26%        N/A       3%          3

Your spell library contained the following spells:

 Spells                   Type           Power      Damage    Failure   Level
 Tukima's Dance           Hex            26%        N/A       3%          3
 Dazzling Flash           Conj/Hex       28%        N/A       13%         3


Dungeon Overview and Level Annotations

Branches:
Dungeon (4/15)
 Temple: D:4-7

Altars:
Xom

Annotations:
D:4 1 transporter


Innate Abilities, Weirdness & Mutations

You do not regenerate when monsters are visible.
You are frail without blood (-20% HP).
You can heal yourself when you bite living creatures.
You are immune to poison.
You have razor-sharp teeth.
You have supernaturally acute eyesight. (SInv)
You are afflicted with vampirism and can become a bat while bloodless.


Message History

You are too injured to fight recklessly!
You hit the centaur skeleton.
You bite the centaur skeleton, but do no damage.
The centaur skeleton is severely damaged.
The centaur skeleton hits you.
The centaur skeleton closely misses you.
You hit the centaur skeleton.
The centaur skeleton is almost destroyed.
The centaur skeleton barely misses you.
The centaur skeleton kicks you but does no damage.
You hit the centaur skeleton.
The centaur skeleton is almost destroyed.
The centaur skeleton hits you.
The centaur skeleton kicks you but does no damage.
The centaur skeleton closely misses you.
The centaur skeleton kicks you.
You hit the centaur skeleton.
The centaur skeleton is almost destroyed.
The centaur skeleton hits you.
* * * LOW HITPOINT WARNING * * *
The centaur skeleton misses you.
You completely miss the centaur skeleton.
The centaur skeleton is almost destroyed.
The centaur skeleton hits you.
* * * LOW HITPOINT WARNING * * *
The centaur skeleton barely misses you.
Casting: Confusing Touch (dangerous; 3% risk of failure)
Confirm with . or Enter, or press ? or * to list all spells.
Your hands begin to glow red.
The centaur skeleton hits you.
* * * LOW HITPOINT WARNING * * *
The centaur skeleton kicks you but does no damage.
You hit the centaur skeleton but do no damage.
The centaur skeleton is almost destroyed.
The centaur skeleton hits you.
* * * LOW HITPOINT WARNING * * *
The centaur skeleton kicks you.
* * * LOW HITPOINT WARNING * * *
The centaur skeleton barely misses you. The centaur skeleton kicks you.
You die... "This toy is broken."

.... ... .. #.# ..
######..### ...
#......... ....
.(..##.Z# #..^..≈
#...#@###..#...≈≈
#...#....#...≈≈.
##...............
##.............©
####..............
#.............≈≈.#
##.##..........≈≈.#
#
#..##..........≈≈.#
##
#.###..........≈≈..


You could see a centaur skeleton.

Vanquished Creatures
  An ogre (D:4)
  A bullfrog (D:3)
  3 adders
  An adder skeleton (D:3)
  3 worms
  A dart slug (D:3)
  4 orcs (D:3)
  5 bats
  An endoplasm (D:2)
  3 giant cockroaches
  9 goblins
  7 hobgoblins
  8 jackals
  3 quokkas
  9 ball pythons
  A frilled lizard (D:1)
  8 kobolds
  7 rats
75 creatures vanquished.

Notes
Turn   | Place    | Note
-------+----------+-------------------------------------------
     0 | D:1      | freelancePsychic the Vampire Enchanter began the quest for
                  | the Orb.
     0 | D:1      | Reached XP level 1. HP: 13/13 MP: 3/3
   420 | D:1      | Found a faded altar of an unknown god.
   434 | D:1      | Became a worshipper of Xom of Gnomic Intent
   516 | D:1      | Reached skill level 5 in Stealth
   516 | D:1      | Reached XP level 2. HP: 9/19 MP: 3/5
   689 | D:1      | XOM: divination: detect items
   704 | D:1      | Reached skill level 5 in Hexes
   721 | D:1      | Learned a level 2 spell: Ensorcelled Hibernation
   770 | D:1      | XOM: silly message
  1046 | D:1      | Gained mutation: You are afflicted with vampirism and can
                  | become a bat while bloodless. [Vampire growth]
  1046 | D:1      | Reached XP level 3. HP: 16/24 MP: 2/6
  1436 | D:2      | Reached skill level 1 in Ice Magic
  1983 | D:2      | XOM: 5-stop teleportation journey
  2099 | D:2      | Reached skill level 6 in Stealth
  2423 | D:3      | Reached XP level 4. HP: 24/24 MP: 7/7
  3265 | D:3      | Noticed a bullfrog
  3266 | D:3      | XOM: enchant monster (good)
  3282 | D:3      | XOM: smoke on damage
  3285 | D:3      | Killed a bullfrog
  3286 | D:3      | Reached skill level 7 in Stealth
  3286 | D:3      | Reached XP level 5. HP: 27/28 MP: 0/8
  3286 | D:3      | XOM: noise
  3378 | D:3      | Learned a level 3 spell: Confusing Touch
  3689 | D:4      | Noticed an ogre
  3696 | D:4      | Killed an ogre
  3697 | D:4      | Reached skill level 8 in Stealth
  3697 | D:4      | Reached XP level 6. HP: 32/32 MP: 8/10
  3743 | D:4      | Found a transporter.
  3772 | D:4      | HP: 1/32 [centaur skeleton (1)]
  3772 | D:4      | Slain by a centaur skeleton

Illustrated notes

Levels and vault maps discovered:
D:1:      dpeg_arrival_another_circle, layout_basic,
          ebering_ecumenical_altar_rust, minmay_tromino_v4_c
D:2:      layout_loops_ring
D:3:      kennysheep_the_goblin_king, layout_rooms, amethyst_killhole
D:4:      layout_rooms, gammafunk_ghost_gnarly_gnolls, uniq_ijyb,
          uniq_blork_the_orc, uniq_duvessa

Skill      XL: |  1  2  3  4  5 |
---------------+----------------+-----
Stealth        | 5 6 7 8 |  8.0
Hexes          | 5 6 |  6.1
Ice Magic      | 1 |  1.8
Short Blades   | |  1.1
Dodging        | |  2.1
Spellcasting   | |  2.7

Action                   |  1- 3 |  4- 6 || total
-------------------------+-------+-------++-------
Melee: Dagger            |   173 |    72 ||   245
       Bite              |     6 |     5 ||    11
 Cast: Corona            |    15 |     1 ||    16
       Ensorcelled Hiber |    19 |    15 ||    34
       Confusing Touch   |       |     2 ||     2
 Abil: Exsanguinate      |     1 |       ||     1
       End Transformatio |       |     1 ||     1
       Bat Form          |       |     1 ||     1
 Stab: Sleeping          |    28 |    21 ||    49
       Distracted        |     1 |       ||     1
       Confused          |       |     1 ||     1
Armor: Robe              |    16 |    14 ||    30
Dodge: Dodged            |   116 |    46 ||   162

Table legend: (Time is in decaauts)
 A = Elapsed time spent in this place.
 B = Non-inter-level travel time spent in this place.
 C = Inter-level travel time spent in this place.
 D = Time resting spent in this place.
 E = Time spent auto-exploring this place.
 F = Levels seen in this place.
 G = Mean time per level.
                   A        B        C        D        E       F      G
               +--------+--------+--------+--------+--------+-----+--------+
         Total |   3753 |   3660 |     93 |    509 |   2430 |   4 |  938.2 |
       Dungeon |   3753 |   3660 |     93 |    509 |   2430 |   4 |  938.2 |
               +--------+--------+--------+--------+--------+-----+--------+

Top non-repeatable levels by time:
     D:1: 1410 daAuts
     D:2: 1396 daAuts
     D:3: 864 daAuts
     D:4: 81 daAuts
